 Dungeon Crawl Stone Soup version 0.30-a0-341-g682706514a (webtiles) character file.

Game seed: 14675877832520878069

525 ryw the Caller (level 7, -5/50 HPs)
             Began as a Demonspawn Summoner on Nov 5, 2022.
             Slain by an orc warrior
             ... wielding a +0 trident
              (9 damage)
             ... on level 4 of the Dungeon.
             The game lasted 00:13:05 (4075 turns).

ryw the Caller (Demonspawn Summoner)                Turns: 4075, Time: 00:13:06

Health: -5/50      AC:  4    Str:  8    XL:     7   Next: 2%
Magic:  4/13       EV: 12    Int: 19    God:
Gold:   193        SH:  0    Dex: 13    Spells: 5/14 levels left

rFire   . . .      SeeInvis .      - Unarmed
rCold   . . .      Faith    .    (no shield)
rNeg    . . .      Spirit   .    g - +0 robe
rPois   .          Reflect  .    k - +0 helmet
rElec   .          Harm     .    n - scarf {repulsion}
rCorr   .          Rampage  .    (no gloves)
Will    .....                    (no boots)
Stlth   ++........               (no amulet)
HPRegen 0.28/turn                (no ring)
MPRegen 0.13/turn                (no ring)

@: repel missiles
A: claws 2, powered by pain 2, sharp scales 1
a: no special abilities


You were on level 4 of the Dungeon.
You visited 1 branch of the dungeon, and saw 4 of its levels.

You collected 193 gold pieces.

Inventory:

Hand Weapons
 f - a +0 short sword
Armour
 g - a +0 robe (worn)
 k - a +0 helmet (worn)
 n - a scarf of repulsion (worn)
 s - a +2 ring mail of poison resistance
Jewellery
 q - an amulet of faith
Scrolls
 i - 2 scrolls of identify
 l - a scroll of teleportation {unknown}
 m - a scroll of enchant weapon {unknown}
 o - a scroll of magic mapping {unknown}
 t - a scroll of immolation {unknown}
Potions
 a - 3 potions of heal wounds
 b - 4 potions of magic
 c - 2 potions of brilliance {unknown}
 d - 7 potions of curing {unknown}
 e - 2 potions of lignification {unknown}
 h - 2 potions of resistance {unknown}
 j - a potion of attraction {unknown}
 p - a potion of invisibility {unknown}
 r - a potion of might {unknown}


   Skills:
 + Level 2.2 Fighting
 + Level 2.9 Dodging
 - Level 1.7 Stealth
 + Level 1.7 Unarmed Combat
 + Level 4.0 Spellcasting
 + Level 2.2 Hexes
 + Level 5.5 Summonings


You had 5 spell levels left.
You knew the following spells:

 Your Spells              Type           Power      Damage    Failure   Level
a - Summon Small Mammal   Summ           96%        N/A       1%          1
b - Call Imp              Summ           24%        N/A       2%          2
c - Call Canine Familiar  Summ           24%        N/A       4%          3
d - Summon Guardian Gole  Hex/Summ       18%        N/A       9%          3

Your spell library contained the following spells:

 Spells                   Type           Power      Damage    Failure   Level
 Vhi's Electric Charge    Tloc/Air       6%         N/A       38%         3
 Summon Lightning Spire   Summ/Air       14%        N/A       41%         4
 Arcjolt                  Conj/Air       1%         1d11      98%         5
 Maxwell's Capacitive Co  Air            1%         ∞         100%        8


Dungeon Overview and Level Annotations

Branches:
Dungeon (4/15)
 Temple: D:4-7

Altars:

Annotations:
D:3 2 transporters, sirJeffrey23's ghost, amateur FoFi


Innate Abilities, Weirdness & Mutations

You have very sharp fingernails.
You sometimes gain power by taking damage.
You are partially covered in razor-sharp scales. (AC +1, Slay +1)


Message History

The orc closely misses your crimson imp.
Your hound bites something.
Your crimson imp barely misses the orc warrior.
Your hound barely misses something.
Something barely misses your hound. The orc barely misses your crimson imp.
Your hound closely misses something.
Your crimson imp blinks!
What are your orders? t - Shout!
Orders for allies: a - Attack new target. p - Attack previous target. r - Retreat! s - Stop attacking. g - Guard the area. f - Follow me.
Anything else - Cancel.
Gang up on whom?
Press: ? - help, Dir - move target, f - orc wizard, p - orc warrior
Aim: an orc wizard, wielding a +0 dagger and wearing a +0 robe Attack!
The orc warrior closely misses you.
Your hound bites the orc wizard.
A magic dart appears from out of thin air!
The magic dart hits you.
The orc warrior hits you with a +0 trident!
The orc hits your guardian golem but does no damage.
The orc warrior hits you from afar with a +0 trident!
* * * LOW HITPOINT WARNING * * *
Your hound bites the orc wizard.
You hear some strange, mumbled words.
A puff of flame appears from out of thin air!
The puff of flame misses you.
Casting: Call Imp (safe; 2% risk of failure)
Confirm with . or Enter, or press ? or * to list all spells.
The orc wizard casts a spell at you.
The magic dart hits something.
The orc warrior hits you from afar with a +0 trident!
* * * LOW HITPOINT WARNING * * *
Your hound closely misses the orc wizard.
Your crimson imp hits the orc warrior but does no damage.
Casting: Summon Small Mammal (safe; 1% risk of failure)
Confirm with . or Enter, or press ? or * to list all spells.
Your hound completely misses the orc wizard.
The orc warrior hits you from afar with a +0 trident!
You die...

♣..#..##......###.#..##
♣♣##...#.........##.###
#..................#
##...............###
#####..........9...##
##.#..........o..h..#
..............5o.or.## #####
.....................# #...#
................@....###...#
.................b....###.###
.....#......>...........#h..##
.....#................^...)..###
.....#............##...........#
....##........##)#............##
###..........##..........##..##
#.............####..#........##
#..#................#.........#


You could see an orc warrior, an orc wizard (ally target), an orc (ally target),
a friendly guardian golem (summoned), a friendly hound (summoned, sheltered), a
friendly crimson imp (summoned, sheltered), a friendly quokka (summoned,
sheltered) and a friendly bat (summoned).

Vanquished Creatures
  An orc priest (D:4)
  Natasha (D:3)
  3 adders
  A dart slug (D:1)
  3 orcs (D:4)
  5 ball pythons
  4 endoplasms
  2 giant cockroaches (D:3)
  6 goblins
  3 hobgoblins
  A jackal (D:1)
  2 kobolds
  A quokka (D:3)
  3 bats (D:2)
  2 rats
38 creatures vanquished.

Vanquished Creatures (collateral kills)
  2 hounds (D:4)
  Crazy Yiuf (D:4)
  A jelly (D:4)
  2 iguanas (D:4)
  Natasha (twice) (D:3)
  3 adders
  A dart slug (D:1)
  2 orcs
  6 ball pythons
  2 endoplasms
  2 giant cockroaches
  3 goblins
  3 hobgoblins
  A jackal (D:1)
  3 kobolds
  A quokka (D:2)
  3 bats
  A frilled lizard (D:2)
  5 rats
44 creatures vanquished.

Vanquished Creatures (others)
  Edmund (D:4)
1 creature vanquished.

Grand Total: 83 creatures vanquished

Notes
Turn   | Place    | Note
-------+----------+-------------------------------------------
     0 | D:1      | ryw the Demonspawn Summoner began the quest for the Orb.
     0 | D:1      | Reached XP level 1. HP: 13/13 MP: 3/3
   144 | D:1      | Gained mutation: You sometimes gain a little power by
                  | taking damage. [demonic ancestry]
   144 | D:1      | Reached XP level 2. HP: 17/19 MP: 1/5
   422 | D:1      | Learned a level 2 spell: Call Imp
  1049 | D:2      | You fall into a shaft and drop 2 floors!
  1092 | D:4      | Noticed Natasha
  1099 | D:4      | Gained mutation: You sometimes gain power by taking damage.
                  | [demonic ancestry]
  1099 | D:4      | Reached XP level 3. HP: 22/24 MP: 4/7
  1161 | D:3      | Killed Natasha
  1340 | D:2      | Learned a level 3 spell: Call Canine Familiar
  1572 | D:2      | Gained mutation: You are partially covered in razor-sharp
                  | scales. (AC +1, Slay +1) [demonic ancestry]
  1572 | D:2      | Reached XP level 4. HP: 30/30 MP: 2/8
  1747 | D:2      | Found a faded altar of an unknown god.
  1965 | D:2      | Learned a level 3 spell: Summon Guardian Golem
  2140 | D:3      | Noticed Natasha
  2146 | D:3      | Killed Natasha
  2257 | D:3      | Reached skill level 5 in Summonings
  2645 | D:3      | Gained mutation: You have sharp fingernails. [demonic
                  | ancestry]
  2645 | D:3      | Reached XP level 5. HP: 36/36 MP: 10/10
  2716 | D:3      | Noticed Natasha
  2727 | D:3      | Killed Natasha
  2728 | D:3      | Reached skill level 1 in Fighting
  2728 | D:3      | Reached skill level 1 in Hexes
  2824 | D:3      | Found a transporter.
  2826 | D:3      | Noticed sirJeffrey23's ghost (amateur FoFi)
  2878 | D:3      | Found a transporter.
  3322 | D:4      | Noticed Edmund
  3331 | D:4      | Reached skill level 1 in Unarmed Combat
  3344 | D:4      | Gained mutation: You have very sharp fingernails. [demonic
                  | ancestry]
  3344 | D:4      | Reached XP level 6. HP: 33/43 MP: 6/11
  3500 | D:4      | Found a runed translucent door.
  3501 | D:4      | Noticed Crazy Yiuf
  3609 | D:4      | Killed Crazy Yiuf
  3713 | D:4      | Killed Edmund
  3945 | D:4      | Reached XP level 7. HP: 34/50 MP: 6/13
  4075 | D:4      | Slain by an orc warrior

Illustrated notes

Levels and vault maps discovered:
D:1:      dpeg_arrival_arbitrary_a, layout_rooms, chequers_serial_rivers_room_a
D:2:      layout_basic, shapermc_ecumenical_altar_pompeii
D:3:      layout_loops_corners, gammafunk_ghost_mausoleum,
          chequers_serial_rivers_large_a, roderic_lattice_a
D:4:      layout_cave_pools, kennysheep_mini_moat, uniq_edmund,
          uniq_crazy_yiuf_cottage, uniq_natasha

Skill      XL: |  1  2  3  4  5  6 |
---------------+-------------------+-----
Spellcasting   | 3 4 |  4.0
Summonings     | 5 |  5.5
Dodging        | 2 |  2.9
Fighting       | 1 2 |  2.2
Hexes          | 1 2 |  2.2
Unarmed Combat | 1 |  1.7
Stealth        | |  1.7

Action                   |  1- 3 |  4- 6 |  7- 9 || total
-------------------------+-------+-------+-------++-------
Melee: Unarmed           |     5 |    72 |     1 ||    78
       Short sword       |    40 |    54 |       ||    94
       Punch             |       |     2 |       ||     2
 Cast: Summon Small Mamm |    27 |     7 |     2 ||    36
       Call Imp          |    11 |    11 |     1 ||    23
       Call Canine Famil |     2 |    23 |     1 ||    26
       Summon Guardian G |       |     3 |     1 ||     4
  Use: Scroll            |       |     2 |       ||     2
 Stab: Sleeping          |     2 |     2 |       ||     4
       Distracted        |     1 |       |       ||     1
Armor: Robe              |    18 |    34 |       ||    52
Dodge: Dodged            |    54 |   102 |     2 ||   158

Table legend: (Time is in decaauts)
 A = Elapsed time spent in this place.
 B = Non-inter-level travel time spent in this place.
 C = Inter-level travel time spent in this place.
 D = Time resting spent in this place.
 E = Time spent auto-exploring this place.
 F = Levels seen in this place.
 G = Mean time per level.
                   A        B        C        D        E       F      G
               +--------+--------+--------+--------+--------+-----+--------+
         Total |   4107 |   3989 |    118 |    358 |   2771 |   4 | 1026.8 |
       Dungeon |   4107 |   3989 |    118 |    358 |   2771 |   4 | 1026.8 |
               +--------+--------+--------+--------+--------+-----+--------+

Top non-repeatable levels by time:
     D:3: 1499 daAuts
     D:1: 971 daAuts
     D:2: 823 daAuts
     D:4: 813 daAuts
